| TOP OF THE 1ST |
|
Reno Aces batting - Pitching for Louisville Bats : RHP Matt Moffat
|
|
Pitching: RHP Matt Moffat
|
|
|
Batting: LHB Willie Gutierrez
|
0-0: Ground out 4-3 (Groundball, 4S, EV 80.6 MPH)
|
|
Batting: RHB Jesus Galvan
|
0-0: Foul Ball, location: 2F 0-1: Foul Ball, location: 2F 0-2: Foul Ball, location: 2F 0-2: Ball 1-2: Ball 2-2: Ball 3-2: DOUBLE (Popup, 3D, EV 58.8 MPH)
|
|
Batting: LHB Bobby Arevalo
|
0-0: Called Strike 0-1: Foul Ball, location: 2F 0-2: DOUBLE (Groundball, 3L, EV 104.4 MPH) Jesus Galvan scores
|
|
Batting: LHB Soo-yeon Kym
|
0-0: Swinging Strike 0-1: Ground out 4-3 (Groundball, 4, EV 98.8 MPH) Bobby Arevalo to third
|
|
Batting: RHB Enrique Juarez
|
0-0: Ball 1-0: Ball 2-0: Called Strike 2-1: Swinging Strike 2-2: Strikes out swinging
|
| Top of the 1st over - 1 run, 2 hits, 0 errors, 1 left on base; Reno 1 - Louisville 0 |
| BOTTOM OF THE 1ST |
|
Louisville Bats batting - Pitching for Reno Aces : RHP Marcos Tejeda
|
|
Pitching: RHP Marcos Tejeda
|
|
|
Batting: RHB Mike Alm
|
0-0: Ball 1-0: Ball 2-0: Ball 3-0: Foul Ball, location: 2F 3-1: Foul Ball, location: 2F 3-2: Strikes out looking
|
|
Batting: SHB Freddie Farrar
|
0-0: Foul Ball, location: 2F 0-1: Ground out 6-3 (Groundball, 6, EV 86.2 MPH)
|
|
Batting: RHB Juan Reyes
|
0-0: Swinging Strike 0-1: Ball 1-1: Ball 2-1: Ball 3-1: Base on Balls
|
|
Batting: LHB Jared Paige
|
0-0: Called Strike Juan Reyes steals 2nd base 0-1: Ball 1-1: Ground out U3 (Groundball, 34, EV 78.8 MPH)
|
| Bottom of the 1st over - 0 runs, 0 hits, 0 errors, 1 left on base; Reno 1 - Louisville 0 |
| TOP OF THE 2ND |
|
Reno Aces batting - Pitching for Louisville Bats : RHP Matt Moffat
|
|
Batting: LHB Brad Ritter
|
0-0: Called Strike 0-1: Foul Ball, location: 2F 0-2: Ball 1-2: Strikes out swinging
|
|
Batting: RHB Yutaka Oki
|
0-0: Ball 1-0: Ball 2-0: Called Strike 2-1: Called Strike 2-2: SINGLE (Groundball, 25, EV 68.1 MPH) (infield hit)
|
|
Batting: RHB Franklin Villanueva
|
0-0: Ball Yutaka Oki steals 2nd base 1-0: Foul Ball, location: 2F 1-1: Foul Ball, location: 2F 1-2: Ball 2-2: Ball 3-2: Strikes out swinging
|
|
Batting: RHB Jose Sisneros
|
0-0: Ball 1-0: Ground out 4-3 (Groundball, 4, EV 79.4 MPH)
|
| Top of the 2nd over - 0 runs, 1 hit, 0 errors, 1 left on base; Reno 1 - Louisville 0 |
| BOTTOM OF THE 2ND |
|
Louisville Bats batting - Pitching for Reno Aces : RHP Marcos Tejeda
|
|
Batting: RHB Won-jun Park
|
0-0: Ball 1-0: Called Strike 1-1: Called Strike 1-2: Foul Ball, location: 2F 1-2: Foul Ball, location: 2F 1-2: Fly out, F9 (Flyball, 9LM, EV 100.6 MPH)
|
|
Batting: LHB Leo Gomez
|
0-0: Ball 1-0: Ball 2-0: Foul Ball, location: 2F 2-1: Ball 3-1: Base on Balls
|
|
Batting: RHB Danny Real
|
0-0: Ball Leo Gomez steals 2nd base 1-0: Called Strike 1-1: Ball 2-1: Swinging Strike 2-2: SINGLE (Groundball, 56D, EV 104.4 MPH) Leo Gomez to third Runner from 3rd tries for Home, SAFE, throw by LF to home
|
|
Batting: RHB Steve Bauman
|
0-0: Ball Danny Real steals 2nd base 1-0: Called Strike 1-1: Swinging Strike 1-2: Strikes out looking
|
|
Batting: RHB Ben Hinman
|
0-0: Ball 1-0: Called Strike 1-1: SINGLE (Line Drive, 9LS, EV 97.5 MPH) Danny Real to third Runner from 3rd tries for Home, throw by RF and OUT! 9-2
|
| Bottom of the 2nd over - 1 run, 2 hits, 0 errors, 1 left on base; Reno 1 - Louisville 1 |
| TOP OF THE 3RD |
|
Reno Aces batting - Pitching for Louisville Bats : RHP Matt Moffat
|
|
Batting: LHB Willie Gutierrez
|
0-0: Foul Ball, location: 2F 0-1: Ball 1-1: Ball 2-1: Foul Ball, location: 2F 2-2: SINGLE (Line Drive, 5D, EV 98.1 MPH)
|
|
Batting: RHB Jesus Galvan
|
0-0: Ball 1-0: Ball 2-0: Foul Ball, location: 2F 2-1: Called Strike Willie Gutierrez is caught stealing 2nd base 2-4 2-2: Ball 3-2: Foul Ball, location: 2F 3-2: Foul Ball, location: 2F 3-2: SINGLE (Groundball, 56D, EV 95.0 MPH)
|
|
Batting: LHB Bobby Arevalo
|
0-0: Foul Ball, location: 2F 0-1: Swinging Strike 0-2: Strikes out looking
|
|
Batting: LHB Soo-yeon Kym
|
0-0: Ball 1-0: Foul Ball, location: 2F 1-1: Hit by Pitch Jesus Galvan to second
|
|
Batting: RHB Enrique Juarez
|
0-0: Called Strike 0-1: Fly out, F6 (Popup, 6MS, EV 65.0 MPH)
|
| Top of the 3rd over - 0 runs, 2 hits, 0 errors, 2 left on base; Reno 1 - Louisville 1 |
| BOTTOM OF THE 3RD |
|
Louisville Bats batting - Pitching for Reno Aces : RHP Marcos Tejeda
|
|
Batting: RHB Mike Alm
|
0-0: Ball 1-0: Called Strike 1-1: Foul Ball, location: 2F 1-2: Ground out 6-3 (Groundball, 6, EV 80.6 MPH)
|
|
Batting: SHB Freddie Farrar
|
0-0: Foul Ball, location: 2F 0-1: Called Strike 0-2: Strikes out swinging
|
|
Batting: RHB Juan Reyes
|
0-0: Ball 1-0: Ball 2-0: Fly out, F9 (Flyball, 89M, EV 90.6 MPH)
|
| Bottom of the 3rd over - 0 runs, 0 hits, 0 errors, 0 left on base; Reno 1 - Louisville 1 |
| TOP OF THE 4TH |
|
Reno Aces batting - Pitching for Louisville Bats : RHP Matt Moffat
|
|
Batting: LHB Brad Ritter
|
0-0: Ball 1-0: Swinging Strike 1-1: Fly out, F5 (Popup, 5, EV 81.2 MPH)
|
|
Batting: RHB Yutaka Oki
|
0-0: Ball 1-0: SINGLE (Line Drive, 78S, EV 108.8 MPH)
|
|
Batting: RHB Franklin Villanueva
|
0-0: Ball 1-0: SINGLE (Groundball, 25, EV 68.8 MPH) (infield hit) Yutaka Oki to second
|
|
Batting: RHB Jose Sisneros
|
0-0: Called Strike 0-1: Swinging Strike 0-2: Foul Ball, location: 2F 0-2: Ball 1-2: Ball 2-2: Foul Ball, location: 2F 2-2: Ball 3-2: Strikes out swinging
|
|
Batting: LHB Willie Gutierrez
|
0-0: Foul Ball, location: 2F 0-1: Ball 1-1: Ball 2-1: Hit by Pitch Yutaka Oki to third Franklin Villanueva to second
|
|
Batting: RHB Jesus Galvan
|
0-0: Ball 1-0: Ball 2-0: SINGLE (Line Drive, 6M, EV 98.1 MPH) Yutaka Oki scores Franklin Villanueva to third Willie Gutierrez to second Runner from 3rd tries for Home, SAFE, throw by CF to home
|
|
Batting: LHB Bobby Arevalo
|
0-0: Ball 1-0: Called Strike 1-1: DOUBLE (Line Drive, 9LS, EV 90.6 MPH) Willie Gutierrez scores Jesus Galvan to third Runner from 3rd tries for Home, SAFE, throw by RF to trailing runner, SAFE at third!
|
|
Pitching: RHP Jeremy Whooley
|
|
|
Batting: LHB Soo-yeon Kym
|
0-0: Called Strike 0-1: Fly out, F8 (Flyball, 8RM, EV 92.5 MPH)
|
| Top of the 4th over - 4 runs, 4 hits, 0 errors, 1 left on base; Reno 5 - Louisville 1 |
| BOTTOM OF THE 4TH |
|
Louisville Bats batting - Pitching for Reno Aces : RHP Marcos Tejeda
|
|
Batting: LHB Jared Paige
|
0-0: Called Strike 0-1: Ball 1-1: Foul Ball, location: 2F 1-2: Strikes out swinging
|
|
Batting: RHB Won-jun Park
|
0-0: Ball 1-0: Ball 2-0: Ball 3-0: Ground out 5-3 (Groundball, 56, EV 105.0 MPH)
|
|
Batting: LHB Leo Gomez
|
0-0: Ball 1-0: Foul Ball, location: 2F 1-1: Foul Ball, location: 2F 1-2: Ball 2-2: Ball 3-2: Ground out 4-3 (Groundball, 4, EV 87.5 MPH)
|
| Bottom of the 4th over - 0 runs, 0 hits, 0 errors, 0 left on base; Reno 5 - Louisville 1 |
| TOP OF THE 5TH |
|
Reno Aces batting - Pitching for Louisville Bats : RHP Jeremy Whooley
|
|
Batting: RHB Enrique Juarez
|
0-0: Ball 1-0: SINGLE (Groundball, 56D, EV 105.6 MPH)
|
|
Batting: LHB Brad Ritter
|
0-0: Ball 1-0: Foul Ball, location: 2F 1-1: Foul Ball, location: 2F 1-2: Grounds into double play, 6-4-3 (Groundball, 6, EV 81.9 MPH)
|
|
Batting: RHB Yutaka Oki
|
0-0: Ball 1-0: Foul Ball, location: 2F 1-1: Called Strike 1-2: Ball 2-2: Ball 3-2: Fly out, F6 (Popup, 4MD, EV 48.1 MPH)
|
| Top of the 5th over - 0 runs, 1 hit, 0 errors, 0 left on base; Reno 5 - Louisville 1 |
| BOTTOM OF THE 5TH |
|
Louisville Bats batting - Pitching for Reno Aces : RHP Marcos Tejeda
|
|
Batting: RHB Danny Real
|
0-0: Ball 1-0: Swinging Strike 1-1: Swinging Strike 1-2: Ball 2-2: Ball 3-2: Strikes out swinging
|
|
Batting: RHB Steve Bauman
|
0-0: Called Strike 0-1: Ball 1-1: Ground out 6-3 (Groundball, 6, EV 78.8 MPH)
|
|
Batting: RHB Ben Hinman
|
0-0: Called Strike 0-1: Ball 1-1: Swinging Strike 1-2: Ball 2-2: Strikes out swinging
|
| Bottom of the 5th over - 0 runs, 0 hits, 0 errors, 0 left on base; Reno 5 - Louisville 1 |
| TOP OF THE 6TH |
|
Reno Aces batting - Pitching for Louisville Bats : RHP Jeremy Whooley
|
|
Batting: RHB Franklin Villanueva
|
0-0: SINGLE (Groundball, 4MD, EV 96.9 MPH)
|
|
Batting: RHB Jose Sisneros
|
0-0: Called Strike 0-1: Swinging Strike 0-2: Strikes out swinging
|
|
Batting: LHB Willie Gutierrez
|
0-0: Ball 1-0: Ball 2-0: Swinging Strike 2-1: Ball 3-1: Swinging Strike 3-2: Foul Ball, location: 2F 3-2: Fielders Choice at 2nd, 4-6 (Groundball, 4, EV 84.4 MPH)
|
|
Batting: RHB Jesus Galvan
|
0-0: Called Strike Willie Gutierrez is caught stealing 2nd base 2-4
|
| Top of the 6th over - 0 runs, 1 hit, 0 errors, 0 left on base; Reno 5 - Louisville 1 |
| BOTTOM OF THE 6TH |
|
Louisville Bats batting - Pitching for Reno Aces : RHP Marcos Tejeda
|
|
Batting: RHB Mike Alm
|
0-0: Ball 1-0: Ball 2-0: Ball 3-0: Called Strike 3-1: Called Strike 3-2: Ground out 4-3 (Groundball, 4MS, EV 67.5 MPH)
|
|
Batting: SHB Freddie Farrar
|
0-0: Ball 1-0: Fly out, F7 (Flyball, 7, EV 90.6 MPH)
|
|
Batting: RHB Juan Reyes
|
0-0: Foul Ball, location: 2F 0-1: Swinging Strike 0-2: Foul Ball, location: 2F 0-2: Strikes out looking
|
| Bottom of the 6th over - 0 runs, 0 hits, 0 errors, 0 left on base; Reno 5 - Louisville 1 |
| TOP OF THE 7TH |
|
Reno Aces batting - Pitching for Louisville Bats : RHP Jeremy Whooley
|
|
Batting: RHB Jesus Galvan
|
0-0: Called Strike 0-1: Ball 1-1: Called Strike 1-2: Ball 2-2: Ball 3-2: Base on Balls
|
|
Batting: LHB Bobby Arevalo
|
0-0: Called Strike 0-1: Ball 1-1: Ball 2-1: SINGLE (Flyball, 9LS, EV 91.9 MPH) Jesus Galvan to second Runner from 2nd tries for 3rd, SAFE, throw by RF made to third
|
|
Batting: LHB Soo-yeon Kym
|
0-0: Ball 1-0: SINGLE (Groundball, 34S, EV 71.2 MPH) (infield hit) Bobby Arevalo to second
|
|
Batting: RHB Enrique Juarez
|
0-0: Ball 1-0: Called Strike 1-1: Swinging Strike 1-2: Ball 2-2: Fly out, F8 (Flyball, 78M, EV 95.0 MPH) Runner from 3rd tags up, SCORES, throw by CF
|
|
Batting: LHB Brad Ritter
|
0-0: Ball 1-0: Fly out, F8 (Flyball, 8RS, EV 79.4 MPH)
|
|
Batting: RHB Yutaka Oki
|
0-0: Ball 1-0: Ball 2-0: Called Strike 2-1: Foul Ball, location: 2F 2-2: Ball 3-2: Ground out U3 (Groundball, 3, EV 86.2 MPH)
|
| Top of the 7th over - 1 run, 2 hits, 0 errors, 2 left on base; Reno 6 - Louisville 1 |
| BOTTOM OF THE 7TH |
|
Louisville Bats batting - Pitching for Reno Aces : RHP Marcos Tejeda
|
|
Batting: LHB Jared Paige
|
0-0: Ground out 5-3 (Groundball, 56, EV 88.8 MPH)
|
|
Batting: RHB Won-jun Park
|
0-0: Foul Ball, location: 2F 0-1: Fly out, F7 (Flyball, 7, EV 82.5 MPH)
|
|
Batting: LHB Leo Gomez
|
0-0: Fly out, F5 (Popup, 25F, EV 77.5 MPH)
|
| Bottom of the 7th over - 0 runs, 0 hits, 0 errors, 0 left on base; Reno 6 - Louisville 1 |
| TOP OF THE 8TH |
|
Reno Aces batting - Pitching for Louisville Bats : RHP Jeremy Whooley
|
|
Batting: RHB Franklin Villanueva
|
0-0: SINGLE (Groundball, 6MD, EV 91.9 MPH) (infield hit)
|
|
Pitching: LHP Brad Jonas
|
|
|
Batting: RHB Jose Sisneros
|
0-0: Swinging Strike 0-1: Grounds into double play, 4-6-3 (Groundball, 34, EV 84.4 MPH)
|
|
Batting: LHB Willie Gutierrez
|
0-0: Ball 1-0: Foul Ball, location: 2F 1-1: Foul Ball, location: 2F 1-2: Ball 2-2: Ball 3-2: Strikes out swinging
|
| Top of the 8th over - 0 runs, 1 hit, 0 errors, 0 left on base; Reno 6 - Louisville 1 |
| BOTTOM OF THE 8TH |
|
Louisville Bats batting - Pitching for Reno Aces : RHP Marcos Tejeda
|
|
Batting: RHB Danny Real
|
0-0: Ground out 6-3 (Groundball, 6M, EV 88.1 MPH)
|
|
Batting: RHB Steve Bauman
|
0-0: Foul Ball, location: 2F 0-1: Ball 1-1: Swinging Strike 1-2: Strikes out swinging
|
|
Batting: RHB Ben Hinman
|
0-0: Ball 1-0: Foul Ball, location: 2F 1-1: Ball 2-1: Foul Ball, location: 2F 2-2: Ball 3-2: Foul Ball, location: 2F 3-2: Foul Ball, location: 2F 3-2: Strikes out swinging
|
| Bottom of the 8th over - 0 runs, 0 hits, 0 errors, 0 left on base; Reno 6 - Louisville 1 |
| TOP OF THE 9TH |
|
Reno Aces batting - Pitching for Louisville Bats : LHP Brad Jonas
|
|
Batting: RHB Jesus Galvan
|
0-0: Ball 1-0: Ball 2-0: Foul Ball, location: 2F 2-1: Foul Ball, location: 2F 2-2: Strikes out swinging
|
|
Batting: LHB Bobby Arevalo
|
0-0: Ball 1-0: Ball 2-0: Ball 3-0: Called Strike 3-1: Foul Ball, location: 2F 3-2: Foul Ball, location: 2F 3-2: Strikes out swinging
|
|
Batting: LHB Soo-yeon Kym
|
0-0: Ball 1-0: Foul Ball, location: 2F 1-1: Ball 2-1: Foul Ball, location: 2F 2-2: Fly out, F8 (Line Drive, 8RD, EV 90.0 MPH)
|
| Top of the 9th over - 0 runs, 0 hits, 0 errors, 0 left on base; Reno 6 - Louisville 1 |
| BOTTOM OF THE 9TH |
|
Louisville Bats batting - Pitching for Reno Aces : RHP Marcos Tejeda
|
|
Pitching: RHP Ron Hawkins
|
|
|
Batting: RHB Mike Alm
|
0-0: Ball 1-0: Ball 2-0: Ball 3-0: Ground out 6-3 (Groundball, 6, EV 86.2 MPH)
|
|
Batting: SHB Freddie Farrar
|
0-0: Called Strike 0-1: Called Strike 0-2: Foul Ball, location: 2F 0-2: Ball 1-2: Ground out 6-3 (Groundball, 6, EV 90.6 MPH)
|
|
Batting: RHB Juan Reyes
|
0-0: Foul Ball, location: 2F 0-1: Called Strike 0-2: Ball 1-2: Foul Ball, location: 2F 1-2: SINGLE (Line Drive, 8LS, EV 103.8 MPH)
|
|
Batting: LHB Jared Paige
|
0-0: Foul Ball, location: 2F 0-1: Fielders Choice at 2nd, 6-4 (Groundball, 6, EV 80.0 MPH)
|
| Bottom of the 9th over - 0 runs, 1 hit, 0 errors, 1 left on base; Reno 6 - Louisville 1 |
|